 Dungeon Crawl Stone Soup version 0.27.1-2-g3b301248ec (webtiles) character file.

Game seed: 12890464677477278911

16 nxtlvl the Magician (level 2, -1/20 HPs)
             Began as a Draconian Hedge Wizard on Oct 1, 2021.
             Slain by an adder (2 damage)
             ... on level 3 of the Dungeon.
             The game lasted 00:06:47 (509 turns).

nxtlvl the Magician (Draconian Hedge Wizard)         Turns: 509, Time: 00:06:48

Health: -1/20      AC:  4    Str: 12    XL:     2   Next: 37%
Magic:  0/6        EV: 12    Int: 14    God:
Gold:   63         SH:  0    Dex: 10    Spells: 6/7 levels left

rFire    . . .     SeeInvis .   a - +0 dagger
rCold    . . .     Faith    .   (no shield)
rNeg     . . .     Spirit   .   (armour unavailable)
rPois    .         Reflect  .   b - +0 hat
rElec    .         Harm     .   (no cloak)
rCorr    .         Rampage  .   (no gloves)
Will     .....                  (no boots)
Stlth    ++........             (no amulet)
HPRegen  0.06/turn              (no ring)
MPRegen  0.10/turn              (no ring)

@: lethally poisoned (-1 -> -17)
A: AC +4, unfitting armour, cold-blooded
a: no special abilities


You were on level 3 of the Dungeon.
You visited 1 branch of the dungeon, and saw 3 of its levels.

You collected 63 gold pieces.

Inventory:

Hand Weapons
 a - a +0 dagger (weapon)
Missiles
 c - 6 poisoned darts
Armour
 b - a +0 hat (worn)
Jewellery
 i - an amulet of guardian spirit
Scrolls
 d - a scroll of enchant armour {unknown}
 e - a scroll of amnesia {unknown}
 g - a scroll of blinking {unknown}
 h - a scroll of identify {unknown}
Potions
 f - 3 potions of curing {unknown}


   Skills:
 - Level 1.7 Dodging
 - Level 1.7 Stealth
 * Level 3.3 Spellcasting
 * Level 1.8 Conjurations
 - Level 1.0 Summonings
 - Level 1.0 Translocations


You had 6 spell levels left.
You knew the following spells:

 Your Spells              Type           Power      Damage    Failure   Level
z - Magic Dart            Conj           28%        1d4       10%         1

Your spell library contained the following spells:

 Spells                   Type           Power      Damage    Failure   Level
 Blink                    Tloc           N/A        N/A       21%         2
 Call Imp                 Summ           5%         N/A       21%         2
 Slow                     Hex            2%         N/A       30%         2
 Conjure Flame            Conj/Fire      4%         6-21      38%         3
 Mephitic Cloud           Conj/Pois/Air  4%         N/A       43%         3


Dungeon Overview and Level Annotations

Branches:
Dungeon (3/15)

Altars:


Innate Abilities, Weirdness & Mutations

Your plain brown scales are hard. (AC +4)
You cannot fit into any form of body armour.
You are cold-blooded and may be slowed by cold attacks.


Message History

You barely miss the adder.
Your tail-slap misses the adder.
The adder is heavily wounded.
The adder misses you.
The frilled lizard bites you but does no damage.
You miss the adder.
The adder is heavily wounded.
The adder closely misses you.
The frilled lizard completely misses you.
The adder bites you but does no damage.
You hit the adder.
The adder is severely wounded.
The adder bites you.
The frilled lizard bites you but does no damage.
You miss the adder.
The adder is severely wounded.
The adder barely misses you. The frilled lizard barely misses you.
You closely miss the adder.
The adder is severely wounded.
The adder misses you.
The frilled lizard completely misses you.
The adder barely misses you.
You barely miss the adder.
The adder is severely wounded.
The adder bites you.
You are poisoned.
The adder poisons you! The frilled lizard barely misses you.
You miss the adder.
The adder is severely wounded.
You feel sick. The adder bites you.
You are lethally poisoned!
The adder poisons you! The frilled lizard bites you.
You hit the adder but do no damage.
The adder is severely wounded.
You feel sick. The adder bites you.
* * * LOW HITPOINT WARNING * * *
You are more poisoned.
The adder poisons you! The frilled lizard bites you.
* * * LOW HITPOINT WARNING * * *
The adder bites you.
You die...

####)# .....
###....
#.!...
#.#..#
#l#..#
#@#..####.#
##S#.......#
#.b.S.<#####
.......##.##
#####.###.#
#. #.# #.
#.# #. ..#
## ###


You could see an adder, a bat and a frilled lizard.

Vanquished Creatures
  A ball python (D:1)
  A bat (D:1)
  An endoplasm (D:1)
  2 giant cockroaches (D:1)
  2 goblins (D:1)
  A hobgoblin (D:1)
  A kobold (D:2)
  A quokka (D:2)
  3 rats (D:1)
13 creatures vanquished.

Notes
Turn   | Place    | Note
-------+----------+-------------------------------------------
     0 | D:1      | nxtlvl the Draconian Hedge Wizard began the quest for the
                  | Orb.
     0 | D:1      | Reached XP level 1. HP: 14/14 MP: 4/4
   186 | D:1      | Reached XP level 2. HP: 20/20 MP: 3/6
   398 | D:2      | Found a faded altar of an unknown god.
   509 | D:3      | HP: 1/20 [frilled lizard (2)]
   509 | D:3      | Slain by an adder

Illustrated notes

Levels and vault maps discovered:
D:1:      minmay_arrival_hallway, layout_basic, chequers_serial_rivers_micro_d
D:2:      layout_loops_ring, hellmonk_ecumenical_altar_zigzags
D:3:      layout_basic, minmay_misc_feat_encased

Action                   || total
-------------------------++-------
Melee: Dagger            ||    15
       Tailslap          ||     1
 Cast: Magic Dart        ||    33
Armor: Skin              ||    10
Dodge: Dodged            ||    27
